AoeStats
← 居合

Arabia

507282953Analyzed
4v4 RM · 14d ago on Sep 17, 2026· 51m 49s· 8 players
Game mode
Random Map
Map size
Large (8 player)
Population
200
Speed
Normal
Resources
Standard
Victory
Conquest
Starting age
Dark Age
Ending age
Imperial Age
RankedLock teamsTeams togetherTeam positionsShared explorationLock speedFull tech treeHidden civsTurbo modeCheats
Victory
Defeat
🇨🇳 Franks · China
909
+13
🇨🇳 Ethiopians · China
842
+15
🇨🇳 Aztecs · China
707
+21
🇬🇷 Jurchens · Greece
672
+23
🇮🇹 Burgundians · Italy
844
-19
🇹🇼 Mongols · Taiwan
826
-18
🇮🇹 Armenians · Italy
795
-17
Renju94
5:51 Loom
13:26 Feudal Age
11:58 Double-Bit Axe
14:19 Bow Saw
16:30 Gold Mining
18:05 Gold Shaft Mining
19:45 Castle Age
Uruz_7
5:23 Loom
9:55 Feudal Age
10:32 Double-Bit Axe
17:36 Castle Age
17:00 Fletching
20:05 Thumb Ring
35:59 Imperial Age
34:07 Wheelbarrow
34:08 Horse Collar
36:49 Husbandry
37:00 Bloodlines
36:43 Heavy Camel Rider
41:05 Conscription
41:28 Scale Barding Armor
41:34 Forging
44:08 Iron Casting
43:54 Chain Barding Armor
我是厨子不是愚公,只会做饭不会易大山
0:47 Loom
11:41 Feudal Age
15:50 Double-Bit Axe
16:43 Wheelbarrow
19:10 Fletching
26:40 Horse Collar
33:00 Castle Age
31:23 Stone Mining
31:26 Gold Mining
34:20 Bodkin Arrow
34:44 Heavy Plow
35:32 Bow Saw
36:11 Fervor
38:45 Gold Shaft Mining
39:55 Hand Cart
40:34 Gold Shaft Mining
44:02 Imperial Age
42:04 Treadmill Crane
42:34 Fortified Wall
42:35 Masonry
44:12 Padded Archer Armor
45:21 Conscription
46:40 Bracer
46:55 Leather Archer Armor
47:52 Bombard Tower
48:20 Conscription
49:55 Ring Archer Armor
52:17 Two-Man Saw
CHFSwissMade
12:59 Feudal Age
14:17 Double-Bit Axe
19:10 Horse Collar
19:23 Loom
19:25 Town Watch
24:41 Castle Age
29:07 Pikeman
29:50 Scale Mail Armor
30:01 Forging
29:53 Padded Archer Armor
31:49 Chain Mail Armor
32:09 Iron Casting
33:38 Wheelbarrow
33:00 Fletching
33:26 Leather Archer Armor
34:46 Fervor
34:44 Halberdier
35:24 Squires
35:10 Gambesons
35:11 Arson
40:17 Imperial Age
38:58 Bow Saw
38:40 Stone Mining
38:40 Gold Mining
39:55 Masonry
39:41 Murder Holes
42:56 Plate Mail Armor
43:27 Blast Furnace
44:39 Conscription
48:31 Blast Furnace
49:39 Bodkin Arrow
50:15 Ring Archer Armor
50:08 Ballistics
西百拉米
5:38 Loom
12:14 Feudal Age
12:44 Double-Bit Axe
14:04 Wheelbarrow
13:16 Town Watch
14:46 Horse Collar
15:37 Gold Mining
24:56 Castle Age
23:03 Stone Mining
23:42 Fletching
23:53 Padded Archer Armor
24:50 Forging
24:41 Scale Mail Armor
25:58 Hand Cart
26:07 Bow Saw
25:32 Elite Skirmisher
25:52 Eagle Warrior
26:33 Squires
27:17 Heavy Plow
28:02 Iron Casting
28:40 Pikeman
30:58 Town Patrol
31:22 Chain Mail Armor
31:03 Bodkin Arrow
31:29 Town Patrol
32:05 Leather Archer Armor
37:40 Imperial Age
36:09 Atlatl
36:27 Arson
39:05 Garland Wars
39:19 Ballistics
40:38 Blast Furnace
40:18 Conscription
41:06 Plate Mail Armor
41:07 Bracer
43:00 Elite Jaguar Warrior
45:43 Crop Rotation
47:18 Capped Ram
47:21 Onager
49:12 Chemistry
49:32 Elite Eagle Warrior
Vanilla
10:31 Feudal Age
12:03 Double-Bit Axe
15:01 Castle Age
13:28 Double-Bit Axe
15:00 Forging
14:49 Loom
15:27 Loom
24:36 Husbandry
25:40 Gold Mining
25:54 Stone Mining
31:06 Gold Shaft Mining
33:35 Imperial Age
33:37 Gold Shaft Mining
34:40 Conscription
34:44 Chivalry
34:08 Cavalier
35:58 Iron Casting
35:29 Scale Barding Armor
35:58 Paladin
37:40 Blast Furnace
37:44 Chain Barding Armor
38:38 Wheelbarrow
41:11 Plate Barding Armor
41:14 Hand Cart
42:42 Siege Engineers
居合
6:21 Loom
9:51 Feudal Age
10:34 Double-Bit Axe
19:01 Fletching
23:11 Castle Age
24:43 Thumb Ring
24:00 Crossbowman
25:29 Elite Skirmisher
28:01 Horse Collar
36:02 Bow Saw
35:54 Bodkin Arrow
36:00 Padded Archer Armor
36:06 Squires
35:51 Arson
41:19 Imperial Age
38:56 Crossbowman
41:02 Wheelbarrow
41:07 Gold Mining
42:25 Arbalester
43:55 Hand Cart
45:14 Chemistry
46:52 Ballistics
46:35 Bracer
48:00 Conscription
51:34 Leather Archer Armor
ntukis
Connection lost

Rejoining the realm…

Still unreachable

The connection could not be restored.

Session expired

The server has moved on; the page needs a fresh start.